 Dungeon Crawl Stone Soup version 0.19.0-22-gd96e5fe (webtiles) character file.

161 smedtjen the Firebug (level 4, -4/33 HPs)
             Began as a Demigod Fire Elementalist on Nov 19, 2016.
             Slain by a gnoll
             ... wielding a +0 club
              (8 damage)
             ... on level 2 of the Dungeon.
             The game lasted 00:17:48 (3954 turns).

smedtjen the Firebug (Demigod Fire Elementalist)    Turns: 3954, Time: 00:17:48

Health: -4/33      AC:  3    Str: 11    XL:     4   Next: 97%
Magic:  0/11       EV: 13    Int: 21    God:
Gold:   86         SH:  0    Dex: 16    Spells: 3 memorised, 3 levels left

rFire  . . .     SeeInvis +     u - +0 quarterstaff
rCold  . . .     Gourm    .     a - +0 robe
rNeg   . . .     Faith    .     (shield currently unavailable)
rPois  .         Spirit   .     (no helmet)
rElec  .         Reflect  .     h - +0 cloak
rCorr  .         Harm     .     (no gloves)
MR     .....                    (no boots)
Stlth  ++........               i - amulet of rage
                                (no ring)
                                m - ring of see invisible

@: flying, very slightly contaminated
A: high mp 1
a: Evoke Berserk Rage


You were on level 2 of the Dungeon.
You were not hungry.

You visited 1 branch of the dungeon, and saw 2 of its levels.

You collected 86 gold pieces.

Inventory:

Hand Weapons
 e - a +0 dagger
 l - a +0 spear
 q - a +0 hunting sling
 u - a +0 quarterstaff (weapon)
Missiles
 p - 19 arrows
Armour
 a - a +0 robe (worn)
 h - a +0 cloak (worn)
Jewellery
 g - an uncursed amulet of faith {unknown}
 i - an amulet of rage (around neck)
 m - a ring of see invisible (left hand)
Scrolls
 j - a scroll of identify
 n - a scroll of magic mapping {unknown}
 r - a scroll of recharging {unknown}
 s - a scroll of teleportation {unknown}
 v - a scroll of fear {unknown}
 w - a scroll of enchant armour {unknown}
 y - a scroll of fog {unknown}
Potions
 d - 3 potions of heal wounds {unknown}
 f - a potion of brilliance {unknown}
 k - a potion of curing {unknown}
 o - a potion of ambrosia {unknown}
Books
 b - a book of Flames

   Spells                             Type                      Level
   a - Flame Tongue                   Conjuration/Fire             1
   b - Throw Flame                    Conjuration/Fire             2
   c - Conjure Flame                  Conjuration/Fire             3
   d - Inner Flame                    Hexes/Fire                   3
   e - Sticky Flame                   Conjuration/Fire             4
   f - Fireball                       Conjuration/Fire             5
 x - a book of Minor Magic

   Spells                             Type                      Level
   a - Magic Dart                     Conjuration                  1
   b - Blink                          Translocation                2
   c - Call Imp                       Summoning                    2
   d - Repel Missiles                 Charms/Air                   2
   e - Slow                           Hexes                        2
   f - Conjure Flame                  Conjuration/Fire             3
   g - Mephitic Cloud                 Conjuration/Poison/Air       3
Comestibles
 c - a bread ration
 z - 2 chunks of flesh


   Skills:
 + Level 0.3 Polearms
 + Level 2.0 Dodging
 + Level 2.1 Stealth
 + Level 2.8 Spellcasting
 + Level 2.0 Conjurations
 + Level 0.3 Summonings
 + Level 3.8 Fire Magic
 + Level 0.5 Evocations


You had 3 spell levels left.
You knew the following spells:

 Your Spells              Type           Power        Failure   Level  Hunger
a - Flame Tongue          Conj/Fire      ###..        4%          1    None
b - Throw Flame           Conj/Fire      ###...       8%          2    ##.....
c - Call Imp              Summ           #.......     17%         2    ##.....


Dungeon Overview and Level Annotations

Branches:
Dungeon (2/15)


Innate Abilities, Weirdness & Mutations

You have an increased reservoir of magic. (+10% MP)


Message History

Unknown command.
The gnoll barely misses you. The gnoll barely misses you.
Casting: Flame Tongue
Confirm with . or Enter, or press ? or * to list all spells.
Aiming: Flame Tongue
Press: ? - help, Shift-Dir - straight line, f/p - gnoll
Aim: a gnoll, wielding a club (heavily wounded)
The flame tongue hits the gnoll.
The gnoll appears unharmed.
The gnoll is heavily wounded.
The gnoll hits you with a club!
* * * LOW HITPOINT WARNING * * *
You hit the gnoll but do no damage.
The gnoll is heavily wounded.
The gnoll hits you with a club.
* * * LOW HITPOINT WARNING * * *
It was a potion of flight.
You feel very buoyant.
You fly up into the air.
The gnoll hits you with a club!
You die...

##########.##......###......#
#.####...#...#.#####
#.#####.######.# #.......#
###.### #######.# #.....# #.#
#.....# #.# #.....# #.#
#....># #@# #.....# #g#
####### #.## #..# ##.# #.#
#.####.# #.†)...# ########


You could see a gnoll.

Vanquished Creatures
  Natasha (thrice) (D:2)
  2 gnolls (D:2)
  3 adders (D:2)
  A dart slug (D:2)
  A leopard gecko (D:2)
  7 bats
  2 giant cockroaches
  5 goblins (D:1)
  5 hobgoblins
  3 frilled lizards
  4 kobolds
  5 rats
41 creatures vanquished.

Vanquished Creatures (collateral kills)
  A dart slug (D:2)
1 creature vanquished.

Grand Total: 42 creatures vanquished

Notes
Turn   | Place    | Note
-------+----------+-------------------------------------------
     0 | D:1      | smedtjen the Demigod Fire Elementalist began the quest for the Orb.
     0 | D:1      | Reached XP level 1. HP: 14/14 MP: 5/5
   574 | D:1      | Reached skill level 3 in Fire Magic
   597 | D:1      | Reached XP level 2. HP: 20/20 MP: 0/7
   601 | D:1      | Learned a level 2 spell: Throw Flame
  1383 | D:1      | Reached skill level 1 in Conjurations
  2035 | D:2      | Noticed Natasha
  2039 | D:2      | Reached XP level 3. HP: 26/26 MP: 1/9
  2049 | D:2      | Killed Natasha
  2363 | D:2      | Noticed Natasha
  2367 | D:2      | Killed Natasha
  2367 | D:2      | Reached XP level 4. HP: 33/33 MP: 2/10
  2433 | D:2      | Noticed Natasha
  2442 | D:2      | Killed Natasha
  3184 | D:2      | Learned a level 2 spell: Call Imp
  3954 | D:2      | Slain by a gnoll

Skill      XL: |  1  2  3  4 |
---------------+-------------+-----
Spellcasting   | 2 |  2.8
Fire Magic     | 3 |  3.8
Conjurations   | 1 2 |  2.0
Dodging        | 2 |  2.0
Stealth        | 2 |  2.1
Polearms       | |  0.3
Summonings     | |  0.3
Evocations     | |  0.5

Action                   |  1- 3 |  4- 6 || total
-------------------------+-------+-------++-------
Melee: Dagger            |    24 |       ||    24
       Spear             |     8 |     2 ||    10
       Quarterstaff      |       |     4 ||     4
 Cast: Flame Tongue      |    35 |    26 ||    61
       Throw Flame       |    15 |    17 ||    32
       Call Imp          |       |     8 ||     8
 Abil: Evoke Berserk Rag |     1 |       ||     1
  Use: Scroll            |     2 |       ||     2
       Potion            |       |     1 ||     1
  Eat: Chunk             |     3 |     1 ||     4
       Beef jerky        |     1 |       ||     1
       Bread ration      |     1 |     1 ||     2
Armor: Robe              |    15 |     2 ||    17
Dodge: Dodged            |    40 |    23 ||    63
